 Dungeon Crawl Stone Soup version 0.29.1 (webtiles) character file.

Game seed: 9270798554077523322

2760 raincastle the Cleaver (level 9, -6/81 HPs)
             Began as a Minotaur Abyssal Knight on Sept 13, 2022.
             Was a High Priest of Lugonu.
             Killed from afar by a steam dragon (14 damage)
             ... with a ball of steam
             ... on level 8 of the Dungeon.
             The game lasted 01:01:43 (6229 turns).

raincastle the Cleaver (Minotaur Abyssal Knight)    Turns: 6229, Time: 01:01:43

Health: -6/81      AC: 13    Str: 22    XL:     9   Next: 41%
Magic:  9/9        EV:  7    Int:  7    God:    Lugonu [*****.]
Gold:   397        SH:  0    Dex: 11    Spells: 8/8 levels left

rFire   . . .      SeeInvis .   K - +3 battleaxe
rCold   . . .      Faith    .   (shield currently unavailable)
rNeg    . . .      Spirit   .   h - +0 plate armour
rPois   .          Reflect  .   (helmet restricted)
rElec   .          Harm     .   (no cloak)
rCorr   .          Rampage  .   (no gloves)
Will    .....                   (no boots)
Stlth   ..........              e - amulet of regeneration
HPRegen 1.03/turn               (no ring)
MPRegen 0.11/turn               (no ring)

@: no status effects
A: horns 2, retaliatory headbutt
a: Renounce Religion, Depart the Abyss, Bend Space, Banish, Corrupt, Enter the
Abyss


You were on level 8 of the Dungeon.
You worshipped Lugonu.
Lugonu was extremely pleased with you.
You visited 2 branches of the dungeon, and saw 9 of its levels.
You visited the Abyss 1 time.

You collected 397 gold pieces.

Inventory:

Hand Weapons
 a - a +3 hand axe
 j - a +2 whip of freezing
 p - a +1 vorpal sling
 y - a +2 halberd of freezing
 A - a +0 morningstar
 G - a +0 spear
 H - a +0 giant spiked club
 K - a +3 battleaxe (weapon)
Missiles
 D - 34 stones
Armour
 h - a +0 plate armour (worn)
 s - a +1 ring mail
 B - +0 steam dragon scales
Jewellery
 e - an amulet of regeneration (around neck)
 l - an amulet of guardian spirit
 x - a ring of protection from fire
Wands
 E - a wand of digging (1)
Scrolls
 b - 2 scrolls of noise {unknown}
 c - a scroll of amnesia
 f - 2 scrolls of blinking
 g - 2 scrolls of teleportation
 r - 2 scrolls of fog {unknown}
 t - 3 scrolls of poison {unknown}
 u - a scroll of magic mapping
 w - 4 scrolls of vulnerability (quivered)
 C - 2 scrolls of silence {unknown}
 F - a scroll of torment {unknown}
Potions
 d - 5 potions of curing
 i - a potion of flight {unknown}
 k - a potion of might {unknown}
 n - a potion of resistance {unknown}
 o - a potion of ambrosia
 q - a potion of berserk rage
 v - 2 potions of attraction
 z - 3 potions of lignification
 I - a potion of cancellation {unknown}
 J - a potion of magic {unknown}


   Skills:
 + Level 7.8 Fighting
 * Level 9.5(10.1) Axes
 - Level 5.2(8.1) Maces & Flails
 + Level 8.1 Armour
 + Level 3.0 Dodging
 + Level 1.3 Stealth
 * Level 2.0 Invocations


You had 8 spell levels left.
You didn't know any spells.
Your spell library contained the following spells:

 Spells                   Type           Power      Damage    Failure   Level
 Sublimation of Blood     Necr           0%         N/A       100%        2
 Wereblood                Tmut           0%         N/A       100%        2
 Frozen Ramparts          Ice            0%         1d1       100%        3
 Ice Form                 Ice/Tmut       0%         N/A       100%        4
 Summon Ice Beast         Ice/Summ       0%         N/A       100%        4
 Summon Hydra             Summ           0%         N/A       100%        7


Dungeon Overview and Level Annotations

Branches:
Dungeon (8/15)             Temple (1/1) D:6
   Lair: D:8-11

Altars:
Ashenzari
Cheibriados
Dithmenos
Elyvilon
Fedhas
Gozag
Hepliaklqana
Kikubaaqudgha
Makhleb
Nemelex Xobeh
Okawaru
Qazlal
Ru
Sif Muna
Trog
Uskayaw
Vehumet
Wu Jian
Xom
Yredelemnul
Zin
The Shining One

Annotations:
D:8 Joseph


Innate Abilities, Weirdness & Mutations

You have a pair of horns on your head.
You reflexively headbutt those who attack you in melee.


Message History

The centaur shoots an arrow.
The arrow hits you!
Joseph shoots a sling bullet.
The sling bullet hits you!
Joseph shoots a sling bullet.
The sling bullet completely misses you.
Joseph says, "Now you've reached the end of your journey."
Joseph unwields a +0 sling.
Joseph wields a +0 quarterstaff.
Joseph hits you but does no damage. Joseph hits you with a +0 quarterstaff!
You slash Joseph!
Joseph is lightly wounded.
You slash the steam dragon! Joseph hits you with a +0 quarterstaff!
The steam dragon breathes steam at you. The ball of steam hits you.
* * * LOW HITPOINT WARNING * * *
You hit Joseph.
Joseph is moderately wounded.
You hit the steam dragon.
You are engulfed in a cloud of scalding steam.
* * * LOW HITPOINT WARNING * * *
The centaur shoots an arrow.
The arrow hits you but does no damage.
Joseph says, "Coming here was your last mistake."
Joseph barely misses you. You furiously retaliate!
You headbutt Joseph, but do no damage. The steam dragon closely misses you.
The steam dragon claws you but does no damage.
The centaur shoots an arrow.
The arrow hits you.
* * * LOW HITPOINT WARNING * * *
Blink to where?
Press: ? - help, Dir - move target
Okay, then.
The centaur shoots an arrow.
The arrow hits you.
* * * LOW HITPOINT WARNING * * *
Joseph zaps a wand.
The puff of flame misses you. The steam dragon closely misses you.
The steam dragon claws you but does no damage.
Blink to where?
Press: ? - help, Dir - move target
Okay, then.
Joseph hits you but does no damage. The steam dragon breathes steam at you.
The ball of steam hits you!
You die...

#...........##........ )....
##..#......##.....#.. .....#
###..........##.....###
......##............#..##..# #
................#..........#
..?.......###...###........#
..........# #...##.....#.###
..........###.#.#.....##..###
...#....c....@#.......##....#
........###.@D...(....##.....
...##...# ###..>..............
. ........##.............## ..
..c...##...##.[...........#...
...... ##...#......[[.........
.....# #.....[...........#....
.$... ##....###..##......# #
.##...#....###....#......#


You could see Joseph, a steam dragon (catching breath) and a centaur.

Vanquished Creatures
  Pikel (D:5)
  A steam dragon (D:6)
  A water moccasin (D:6)
  A black bear (D:6)
  2 ogres
  A phantom (D:6)
  4 lemures (D:4)
  A kobold brigand (D:8)
  A scorpion (D:5)
  4 bullfrogs
  A gnoll sergeant (D:7)
  8 wights
  A crimson imp (D:6)
  3 hounds
  3 jellies
  4 orc priests (D:7)
  4 iguanas
  Natasha (thrice) (D:2)
  An orc wizard (D:3)
  8 gnolls
  9 adders
  2 white imps
  3 ufetubi
  5 worms
  6 dart slugs
  22 orcs
  9 endoplasms
  13 giant cockroaches
  10 goblins
  9 hobgoblins
  9 kobolds
  2 quokkas
  6 ball pythons
  3 bats
  2 frilled lizards (D:1)
  3 goblin skeletons (D:6)
  A goblin zombie (D:6)
  2 hobgoblin zombies (D:6)
  A kobold zombie (D:6)
  3 orc skeletons (D:6)
  7 rats
180 creatures vanquished.

Vanquished Creatures (others)
  3 orcs (D:8)
  7 plants (D:1)
10 creatures vanquished.

Grand Total: 190 creatures vanquished

Notes
Turn   | Place    | Note
-------+----------+-------------------------------------------
     0 | Abyss:1  | raincastle the Minotaur Abyssal Knight began the quest for
                  | the Orb.
     0 | Abyss:1  | Reached XP level 1. HP: 19/19 MP: 1/1
     1 | D:1      | Escaped the Abyss
   314 | D:1      | Reached XP level 2. HP: 27/27 MP: 2/2
   392 | D:1      | Reached skill level 3 in Axes
   540 | D:1      | Reached *** piety under Lugonu
   566 | D:1      | Found a faded altar of an unknown god.
   644 | D:1      | Reached XP level 3. HP: 33/33 MP: 3/3
   962 | D:2      | Reached skill level 1 in Stealth
   962 | D:2      | Reached XP level 4. HP: 38/41 MP: 4/4
   969 | D:2      | Noticed Natasha
   977 | D:2      | Killed Natasha
  1105 | D:2      | Found a glowing golden altar of the Shining One.
  1126 | D:2      | Reached skill level 4 in Axes
  1183 | D:2      | Noticed Natasha
  1199 | D:2      | Killed Natasha
  1217 | D:2      | Noticed Natasha
  1227 | D:2      | Killed Natasha
  1228 | D:2      | Reached XP level 5. HP: 36/47 MP: 5/5
  1878 | D:3      | Reached **** piety under Lugonu
  1910 | D:3      | Reached skill level 5 in Axes
  2487 | D:4      | Reached XP level 6. HP: 55/55 MP: 6/6
  2489 | D:4      | Found a stormy altar of Qazlal.
  2691 | D:4      | Noticed Pikel
  2818 | D:4      | Found a shimmering blue altar of Sif Muna.
  2821 | D:4      | Found a basalt altar of Yredelemnul.
  3214 | D:5      | Entered Level 5 of the Dungeon
  3381 | D:5      | Reached skill level 5 in Fighting
  3457 | D:5      | Killed Pikel
  3458 | D:5      | Reached skill level 6 in Axes
  3458 | D:5      | Reached XP level 7. HP: 40/63 MP: 7/7
  3742 | D:5      | Reached skill level 7 in Axes
  3742 | D:5      | Reached XP level 8. HP: 62/70 MP: 8/8
  3851 | D:6      | Reached skill level 8 in Axes
  3942 | D:6      | Reached ***** piety under Lugonu
  3992 | D:6      | Reached skill level 9 in Axes
  4101 | D:6      | Found a staircase to the Ecumenical Temple.
  4247 | D:6      | Found a glowing golden altar of the Shining One.
  4321 | D:6      | Reached skill level 1 in Maces & Flails
  4321 | D:6      | Reached XP level 9. HP: 63/79 MP: 9/9
  4565 | Temple   | Entered the Ecumenical Temple
  5584 | D:8      | Noticed Joseph
  5589 | D:8      | Reached skill level 5 in Maces & Flails
  6229 | D:8      | Killed from afar by a steam dragon

Illustrated notes

Levels and vault maps discovered:
D:1:      lightli_molten_gateway, layout_loops_ring,
          shapermc_ecumenical_altar_venn, serial_bayou_pond_c
D:2:      layout_basic, basic_altar, uniq_natasha
D:3:      minmay_roachtagon, layout_basic
D:4:      layout_loops_cross, grunt_temple_overflow_open, uniq_pikel
D:5:      layout_gridville
D:6:      layout_basic, nicolae_tso_besieged_by_evil,
          minmay_temple_entry_overgrown
D:7:      layout_rooms, interstate_on_off
D:8:      layout_cave_pools, kennysheep_generic_room_10, uniq_psyche,
          uniq_joseph, uniq_maurice
Temple:   compressed_dpeg_circular_temple

Skill      XL: |  1  2  3  4  5  6  7  8  9 |
---------------+----------------------------+-----
Fighting       | 4 6 7 |  7.8
Axes           | 3 4 5 6 7 9 |  9.5
Armour         | 3 6 7 8 |  8.1
Invocations    | 2 |  2.0
Stealth        | 1 |  1.3
Dodging        | 2 3 |  3.0
Maces & Flails | 1 5 |  5.2

Action                   |  1- 3 |  4- 6 |  7- 9 || total
-------------------------+-------+-------+-------++-------
Melee: Hand axe          |    75 |   222 |    91 ||   388
       Headbutt          |    15 |    37 |    48 ||   100
       Punch             |     2 |     1 |     1 ||     4
       Morningstar       |       |       |   113 ||   113
       Battleaxe         |       |       |    12 ||    12
Invok: Bend Space        |       |       |    39 ||    39
  Use: Scroll            |       |    13 |    10 ||    23
       Potion            |       |     2 |     2 ||     4
Armor: Leather armour    |    13 |     7 |       ||    20
       Ring mail         |       |    28 |       ||    28
       Plate armour      |       |    41 |   198 ||   239
Dodge: Dodged            |    26 |   102 |   129 ||   257
